 Dungeon Crawl Stone Soup version 0.26-a0-1026-g544776af23 (webtiles) character file.

Game seed: 11246110810750992048

7270 Twinkles the Severer (level 11, -6/102 HPs)
             Began as a Hill Orc Fighter on Dec 9, 2020.
             Was a Believer of Makhleb.
             Shot with an arrow by a centaur warrior (20 damage)
             ... on level 11 of the Dungeon.
             The game lasted 01:26:20 (13235 turns).

Twinkles the Severer (Hill Orc Fighter)            Turns: 13235, Time: 01:26:20

Health: -6/102     AC: 12    Str: 27    XL:     11   Next: 12%
Magic:  16/16      EV:  8    Int:  8    God:    Makhleb [**....]
Gold:   457        SH:  0    Dex: 10    Spells: 9/10 levels left

rFire    + . .     SeeInvis .   t - +3 battleaxe (freeze)
rCold    . . .     Faith    .   (shield currently unavailable)
rNeg     . . .     Spirit   .   z - +0 chain mail
rPois    .         Reflect  .   u - +1 helmet
rElec    .         Harm     .   E - +0 cloak of the Known World {+Inv Str+4 Stlth-}
rCorr    .         Rampage  .   (no gloves)
Will     .....                  (no boots)
Stlth    ..........             (no amulet)
HPRegen  0.27/turn              I - ring of flight
MPRegen  0.15/turn              h - ring of protection from fire

@: no status effects
A: no striking features
a: Minor Destruction, Renounce Religion, Evoke Invisibility, Evoke Flight


You were on level 11 of the Dungeon.
You worshipped Makhleb.
Makhleb was pleased with you.
You visited 2 branches of the dungeon, and saw 12 of its levels.
You also visited: Gauntlet.

You collected 457 gold pieces.

Inventory:

Hand Weapons
 a - a +0 war axe
 b - a +0 hunting sling
 t - a +3 battleaxe of freezing (weapon)
 A - a +2 hand axe of flaming
Missiles
 g - 215 stones (quivered ammo)
 j - 8 boomerangs (quivered)
 o - 4 javelins
 F - 16 poisoned darts
Armour
 c - a +0 kite shield
 u - a +1 helmet (worn)
 z - a +0 chain mail (worn)
 E - the +0 cloak of the Known World (worn) {+Inv Str+4 Stlth-}
   (You found it on level 5 of the Dungeon)

   It affects your strength (+4).
   It lets you turn invisible.
   It makes you less stealthy.
 N - the +5 ring mail of Boiq {*Slow Regen+ Str+6}
   (You found it on level 8 of the Dungeon)

   It affects your strength (+6).
   It increases your rate of regeneration.
   It may slow you when you take damage.
Jewellery
 e - an uncursed amulet of magic regeneration
 h - a ring of protection from fire (right hand)
 w - an uncursed ring of fire
 I - a ring of flight (left hand)
Wands
 i - a wand of paralysis (9)
 y - a wand of flame (15)
 J - a wand of iceblast (10)
 L - a wand of disintegration (10)
Scrolls
 n - 2 scrolls of remove curse
 p - 3 scrolls of amnesia
 v - 2 scrolls of identify
 B - a scroll of fear
 G - 2 scrolls of enchant armour
 M - a scroll of teleportation
Potions
 d - 2 potions of might
 f - a potion of haste {unknown}
 k - 2 potions of flight
 l - a potion of degeneration {unknown}
 m - 3 potions of mutation
 s - 2 potions of brilliance {unknown}
 x - 2 potions of magic {unknown}
 C - 2 potions of lignification
 H - a potion of resistance {unknown}
 K - a potion of heal wounds {unknown}
 O - a potion of ambrosia {unknown}


   Skills:
 + Level 11.0 Fighting
 * Level 15.5 Axes
 - Level 3.2 Armour
 - Level 3.2 Shields
 - Level 4.0 Necromancy
 + Level 7.1 Invocations


You had 9 spell levels left.
You knew the following spells:

 Your Spells              Type           Power        Failure   Level
a - Animate Skeleton      Necr           #.....       45%         1

Your spell library contained the following spells:

 Spells                   Type           Power        Failure   Level
 Pain                     Necr           #...         45%         1
 Vampiric Draining        Necr           #.........   83%         3
 Corona                   Hex            #......      95%         1
 Magic Dart               Conj           #...         95%         1
 Summon Small Mammal      Summ           #...         95%         1
 Blink                    Tloc           N/A          98%         2
 Call Imp                 Summ           #.......     98%         2
 Ensorcelled Hibernation  Hex/Ice        #.....       98%         2
 Slow                     Hex            #.......     98%         2
 Animate Dead             Necr           #.........   99%         4
 Call Canine Familiar     Summ           #.......     100%        3
 Confusing Touch          Hex            #.......     100%        3
 Conjure Flame            Conj/Fire      #.......     100%        3
 Dazzling Flash           Conj/Hex       #.....       100%        3
 Mephitic Cloud           Conj/Pois/Air  #.......     100%        3
 Summon Guardian Golem    Hex/Summ       #.......     100%        3
 Tukima's Dance           Hex            #.......     100%        3
 Summon Ice Beast         Ice/Summ       #.......     100%        4
 Summon Lightning Spire   Summ/Air       #.......     100%        4
 Agony                    Necr           #.......     100%        5


Dungeon Overview and Level Annotations

Branches:
Dungeon (11/15)            Temple (1/1) D:7            Lair (0/6) D:11
    Orc (0/2) D:11        Gauntlet (visited)

Altars:
Ashenzari
Cheibriados
Dithmenos
Elyvilon
Gozag
Hepliaklqana
Kikubaaqudgha
Makhleb
Nemelex Xobeh
Okawaru
Qazlal
Ru
Sif Muna
Trog
Uskayaw
Vehumet
Wu Jian
Xom
Yredelemnul
Zin
The Shining One

Shops:
D:11 [[!

Annotations:
D:5 Pikel
D:6 Duvessa
D:7 Harold


Message History

The centaur warrior is lightly wounded.
The centaur warrior shoots an arrow.
The arrow hits you.
The centaur warrior shoots an arrow.
The arrow hits you!
The rakshasa weaves an illusion.
The centaur warrior shimmers and seems to become two!
You see here 2 arrows.
The centaur warrior shoots an arrow.
The arrow hits you.
The arrow shimmers and vanishes!
The centaur warrior shoots an arrow.
The arrow barely misses you.
The centaur warrior shoots an arrow.
The arrow hits you.
The arrow shimmers and vanishes!
The centaur warrior shoots an arrow.
The arrow hits you.
The centaur warrior shoots an arrow.
The arrow hits you.
The arrow shimmers and vanishes!
You see here an arrow.
The centaur warrior shoots an arrow.
The arrow hits you!!
* * * LOW HITPOINT WARNING * * *
The arrow shimmers and vanishes!
The centaur warrior shoots an arrow.
The arrow hits you!!
You die...

........##'###........# *,*,,,,
####..................# *,+,,,,
#.............cc...# *,*,,,,
#..............(...# *,*,,,,
#................?.# *,*,,,,
###..............(.# *,*,,,,
#.[########......# *,*****
#..#......#.(....# *,,,,,,
######..#.....##@.....### *,,,,,,
........#.....#....(>...#**,,,,,,
......###.....#............,,,,,>
......#....................,,,,,,
......#......#'#.########..,,,,,,
......##'##...∩'.# *..,,,,,,
..........#..#.#.# *,,,,,,,,
...#####[[#'##...# *,,,*****
...#...#.........#*******,,,* *


You could see 2 centaur warriors.

Vanquished Creatures
  A manticore (D:11)
  A komodo dragon (D:11)
  A troll (D:10)
  9 yaks
  A wyvern (D:8)
  4 water moccasins
  3 orc warriors
  3 sky beasts
  A phantom (D:7)
  An ice beast (D:8)
  A black bear (D:7)
  2 necrophages
  An ogre (D:10)
  5 centaurs
  2 lemures
  7 bullfrogs
  2 scorpions (D:7)
  11 killer bees (D:10)
  4 wights (D:10)
  2 centaur zombies
  2 howler monkeys
  A wyvern simulacrum (D:11)
  4 hounds
  6 jellies
  4 orc priests
  11 orc wizards
  2 quasits
  2 bullfrog skeletons
  6 worker ants
  2 iguanas
  A hound skeleton (D:5)
  11 adders
  A shadow imp (D:5)
  2 white imps
  4 ufetubi
  2 oozes
  An adder skeleton (D:7)
  3 dart slugs
  14 leopard geckos
  31 orcs
  5 giant cockroaches
  6 hobgoblins
  27 jackals
  2 quokkas
  2 ball pythons (D:3)
  5 bats
  5 frilled lizards
  5 goblins
  5 kobolds
  7 rats
241 creatures vanquished.

Vanquished Creatures (others)
  An orc wizard (D:5)
  A jackal (D:7)
  24 demonic plants (Gauntlet)
  39 plants
65 creatures vanquished.

Grand Total: 306 creatures vanquished

Notes
Turn   | Place    | Note
-------+----------+-------------------------------------------
     0 | D:1      | Twinkles the Hill Orc Fighter began the quest for the Orb.
     0 | D:1      | Reached XP level 1. HP: 19/19 MP: 1/1
    88 | D:1      | Reached skill level 3 in Axes
    94 | D:1      | Reached XP level 2. HP: 27/27 MP: 2/2
   635 | D:1      | Reached skill level 4 in Axes
   742 | D:2      | Reached XP level 3. HP: 31/33 MP: 3/3
  1274 | D:2      | Found a shimmering blue altar of Sif Muna.
  1338 | D:2      | Reached skill level 5 in Axes
  1338 | D:2      | Reached XP level 4. HP: 36/41 MP: 4/4
  1947 | D:3      | Reached XP level 5. HP: 43/47 MP: 5/5
  2453 | D:4      | Reached skill level 6 in Axes
  2629 | D:4      | Found a white marble altar of Elyvilon.
  2743 | D:4      | Reached skill level 5 in Fighting
  3134 | D:5      | Entered Level 5 of the Dungeon
  3278 | D:5      | Noticed a sky beast
  3289 | D:5      | Reached XP level 6. HP: 54/56 MP: 6/6
  3293 | D:5      | HP: 15/56 [orc priest/divine providence (13)]
  3597 | D:5      | Noticed a water moccasin
  3606 | D:5      | Killed a water moccasin
  3607 | D:5      | Reached skill level 7 in Axes
  3669 | D:5      | Noticed a sky beast
  3769 | D:4      | Killed a sky beast
  3770 | D:4      | Reached skill level 8 in Axes
  3770 | D:4      | Reached XP level 7. HP: 32/63 MP: 7/7
  4289 | D:5      | Got a faintly glowing cloak
  4296 | D:5      | Noticed Pikel
  4482 | D:5      | Reached skill level 9 in Axes
  4493 | D:5      | Learned a level 1 spell: Animate Skeleton
  5044 | D:6      | Reached skill level 1 in Necromancy
  5044 | D:6      | Reached XP level 8. HP: 64/71 MP: 8/8
  5109 | D:6      | Identified the +0 cloak of the Known World {+Inv Str+4
                  | Stlth-} (You found it on level 5 of the Dungeon)
  5237 | D:6      | Noticed Duvessa
  5702 | D:6      | Reached skill level 10 in Axes
  6606 | D:7      | Reached skill level 11 in Axes
  6755 | D:7      | Reached XP level 9. HP: 75/81 MP: 9/9
  6885 | D:7      | Noticed Harold
  7005 | D:7      | Found a staircase to the Ecumenical Temple.
  7017 | Temple   | Entered the Ecumenical Temple
  7211 | Temple   | Became a worshipper of Makhleb the Destroyer
  7384 | D:7      | Found a radiant altar of Vehumet.
  7388 | D:7      | Found a shadowy altar of Dithmenos.
  7562 | D:8      | Reached skill level 12 in Axes
  7564 | D:8      | Found an opulent altar of Gozag.
  7692 | D:8      | HP: 15/82 [orc warrior/+0 war axe (22)]
  7698 | D:7      | HP: 6/82 [orc warrior/+0 war axe (10)]
  7703 | D:7      | HP: 12/82 [orc warrior/+0 war axe (4)]
  8015 | D:8      | Upgraded the game from 0.26-a0-1021-gda264ca44c to
                  | 0.26-a0-1026-g544776af23
  8020 | D:8      | Found a shimmering altar of Xom.
  8368 | D:8      | Reached * piety under Makhleb
  8451 | D:8      | Got a spiked ring mail
  8640 | D:8      | Reached skill level 1 in Invocations
  8766 | D:8      | Reached skill level 13 in Axes
  8968 | D:8      | Reached XP level 10. HP: 89/91 MP: 10/12
  9747 | D:10     | Entered Level 10 of the Dungeon
  9865 | D:10     | Identified the +5 ring mail of Boiq {*Slow Regen+ Str+6}
                  | (You found it on level 8 of the Dungeon)
 10069 | D:10     | Reached skill level 10 in Fighting
 10069 | D:10     | Reached skill level 14 in Axes
 10442 | D:10     | Got a heavily runed leather armour
 10453 | D:10     | Identified the +1 leather armour of Tempters {Harm rF- rN++
                  | Stlth+} (You found it on level 10 of the Dungeon)
 10491 | D:10     | Reached skill level 5 in Invocations
 10502 | D:10     | Reached ** piety under Makhleb
 10523 | D:9      | HP: 27/93 [poisoned by a killer bee]
 10530 | D:9      | HP: 27/93 [poisoned by a killer bee]
 10538 | D:9      | HP: 27/93 [poisoned by a killer bee]
 10958 | D:10     | Got a heavily runed ring mail
 10969 | D:10     | Identified the +1 ring mail of Minor Irritation {Str+6
                  | Int-3 Stlth+} (You found it on level 10 of the Dungeon)
 11666 | D:11     | Found a gate leading to a gauntlet.
 11683 | Gauntlet | Entered a Gauntlet
 11683 | Gauntlet | Found a transporter.
 11683 | Gauntlet | Found a transporter.
 11683 | Gauntlet | Noticed a sixfirhy
 11704 | Gauntlet | Found a transporter.
 11705 | Gauntlet | Found a transporter.
 11705 | Gauntlet | Noticed a death ooze
 11709 | Gauntlet | Noticed a death scarab
 11724 | Gauntlet | Found a transporter.
 11726 | Gauntlet | Found a transporter.
 11726 | Gauntlet | Noticed a sixfirhy
 11726 | Gauntlet | Noticed a sixfirhy
 11731 | Gauntlet | Noticed a sixfirhy
 11740 | Gauntlet | Found a transporter.
 11759 | Gauntlet | Found a transporter.
 11767 | Gauntlet | Found a transporter.
 11779 | Gauntlet | Noticed a storm dragon
 11785 | Gauntlet | Noticed a dire elephant
 11785 | Gauntlet | a storm dragon changed into a dire elephant
 11786 | Gauntlet | Noticed a catoblepas
 11786 | Gauntlet | a dire elephant changed into a catoblepas
 11790 | Gauntlet | Noticed an entropy weaver
 11790 | Gauntlet | a catoblepas changed into an entropy weaver
 11791 | Gauntlet | Noticed a catoblepas
 11791 | Gauntlet | an entropy weaver changed into a catoblepas
 11792 | Gauntlet | Noticed a seven-headed hydra
 11792 | Gauntlet | a catoblepas changed into a seven-headed hydra
 11794 | Gauntlet | Noticed an ettin
 11794 | Gauntlet | a seven-headed hydra changed into an ettin
 11797 | Gauntlet | Noticed an anaconda
 11797 | Gauntlet | an ettin changed into an anaconda
 11798 | Gauntlet | Found a transporter.
 11798 | Gauntlet | Noticed a deep troll
 11798 | Gauntlet | an anaconda changed into a deep troll
 11800 | Gauntlet | a deep troll changed into a floating eye
 11802 | Gauntlet | Noticed a deep troll
 11802 | Gauntlet | a floating eye changed into a deep troll
 11805 | Gauntlet | Noticed an eye of devastation
 11805 | Gauntlet | Noticed a shock serpent
 11805 | Gauntlet | a deep troll changed into a shock serpent
 11808 | Gauntlet | Found a transporter.
 11812 | Gauntlet | Found a transporter.
 12015 | Gauntlet | Noticed a boulder beetle
 12020 | Gauntlet | Noticed a great orb of eyes
 12020 | Gauntlet | a boulder beetle changed into a great orb of eyes
 12021 | Gauntlet | Noticed a sea snake
 12021 | Gauntlet | Noticed an alligator
 12021 | Gauntlet | a great orb of eyes changed into an alligator
 12023 | Gauntlet | Noticed an ettin
 12023 | Gauntlet | an alligator changed into an ettin
 12030 | Gauntlet | Noticed a great orb of eyes
 12030 | Gauntlet | an ettin changed into a great orb of eyes
 12112 | D:11     | Noticed a manticore
 12298 | D:11     | Killed a manticore
 12320 | D:11     | Found Margh's Armour Boutique.
 12383 | D:11     | Reached skill level 15 in Axes
 12412 | D:11     | Reached XP level 11. HP: 100/101 MP: 15/15
 12587 | D:11     | Found Viatuycs's Antique Armour Shoppe.
 12862 | D:11     | Noticed a cyan ugly thing
 12908 | D:11     | Found Biuluf's Distillery.
 12912 | D:11     | Found a staircase to the Orcish Mines.
 13225 | D:11     | Noticed a centaur warrior
 13228 | D:11     | Noticed a rakshasa
 13235 | D:11     | HP: 14/102 [centaur warrior/arrow (20)]
 13235 | D:11     | Shot with an arrow by a centaur warrior

Illustrated notes

Levels and vault maps discovered:
D:1:      giann_bridges, layout_basic
D:2:      cheibrodos_old_hovel, layout_loops_ring, lemuel_blue_sif_altar
D:3:      layout_rooms
D:4:      layout_loops_cross, elyvilon_altar_3
D:5:      layout_gridville, lemuel_round_altar, uniq_pikel
D:6:      layout_loops_corners, serial_bayou_pond_d, uniq_duvessa
D:7:      layout_rooms, fiery_altar_vehumet, lemuel_round_altar, temple_pool_b,
          uniq_harold
D:8:      layout_rooms, nicolae_overflow_hidden_temple
D:9:      layout_roguey
D:10:     layout_gridville, grunt_ministairs_9
D:11:     layout_irregular_city, david_lair_shrubbed, orc_0_dummy, serial_shops,
          kennysheep_mini, nicolae_shop_trees, shop_coins,
          nicolae_shop_temple_entry_statues_fountains, gauntlet_entry_generic
Temple:   minmay_temple_bridge_d

Skill      XL: |  1  2  3  4  5  6  7  8  9 10 11 |
---------------+----------------------------------+-----
Axes           | 3 4 5 6 8 9 11 13 15 | 15.5
Fighting       | 4 5 6 8 9 10 11 | 11.0
Necromancy     | 1 3 4 |  4.0
Invocations    | 3 6 7 |  7.1
Armour         | |  3.2
Shields        | |  3.2

Action                   |  1- 3 |  4- 6 |  7- 9 | 10-12 || total
-------------------------+-------+-------+-------+-------++-------
Melee: War axe           |   116 |   228 |   359 |   165 ||   868
       Battleaxe         |       |       |       |    71 ||    71
Throw: Dart              |       |       |     7 |    11 ||    18
       Javelin           |       |       |       |     5 ||     5
       Boomerang         |       |       |       |     3 ||     3
Invok: Minor Destruction |       |       |       |     1 ||     1
 Abil: Evoke Flight      |       |       |     3 |       ||     3
Evoke: Wand              |       |       |    10 |       ||    10
  Use: Scroll            |       |     6 |     4 |     8 ||    18
       Potion            |       |       |     2 |     2 ||     4
Armor: Scale mail        |    42 |    12 |       |       ||    54
       Chain mail        |       |   122 |   205 |   144 ||   471
Dodge: Dodged            |    38 |    57 |    72 |    86 ||   253
Block: Kite shield       |    66 |   100 |   140 |    81 ||   387

Table legend: (Time is in decaauts)
 A = Elapsed time spent in this place.
 B = Non-inter-level travel time spent in this place.
 C = Inter-level travel time spent in this place.
 D = Time resting spent in this place.
 E = Time spent auto-exploring this place.
 F = Levels seen in this place.
 G = Mean time per level.
                   A        B        C        D        E       F      G
               +--------+--------+--------+--------+--------+-----+--------+
         Total |  13385 |  11193 |   2192 |   3193 |   4668 |  13 | 1029.6 |
       Dungeon |  12692 |  10609 |   2083 |   3193 |   4513 |  11 | 1153.8 |
        Temple |    266 |    157 |    109 |      0 |    155 |   1 |  266.0 |
      Gauntlet |    426 |    426 |      0 |      0 |      0 |   1 |  426.0 |
               +--------+--------+--------+--------+--------+-----+--------+

Top non-repeatable levels by time:
    D:10: 1858 daAuts
     D:6: 1682 daAuts
     D:4: 1301 daAuts
     D:5: 1289 daAuts
     D:9: 1211 daAuts
     D:8: 1122 daAuts
     D:2: 1032 daAuts
     D:7: 865 daAuts
    D:11: 785 daAuts
     D:3: 772 daAuts
     D:1: 771 daAuts
Gauntlet: 426 daAuts
  Temple: 266 daAuts
